Map: Stranded Isles

Players

BurntSoap

  • Race: Protoss Protoss
  • League: Diamond
  • Spawn Location: 6:00

Cherubim

  • Race: Terran Terran
  • League: Grandmaster
  • Spawn Location: 3:00

SeOuLStEaL

  • Race: Protoss Protoss
  • League: Master
  • Spawn Location: 6:00

Cthulhu

  • Race: Terran Terran
  • Spawn Location: 12:00

Faust

  • Race: Zerg Zerg
  • League: Diamond
  • Spawn Location: 12:00

Throwfordays

  • Race: Protoss Protoss
  • League: Silver
  • Spawn Location: 9:00

VOD

Have the link to the VOD?

Description

Time

  • Played on: April 2, 2019, 11:24 p.m.
  • Length: 14:00
Show
View Real Time Build Order
Export as new Build Order

BurntSoap Protoss 

Build Orders:  

Get SALT Encoding   

  12  0:01  Probe  
  13  0:13  Probe  
  14  0:22  Pylon  
  14  0:25  Probe  
  15  0:40  Probe  
  15  0:41  Gateway  
  16  0:52  Probe  
  16  0:54  Assimilator  
  17  0:58  Assimilator  
  17  1:04  Probe  
  18  1:16  Probe  
  19  1:28  Probe  
  20  1:34  Cybernetics Core  
  20  1:40  Pylon  
  20  1:46  Probe  
  21  1:58  Probe  
  22  2:04  Nexus  
  22  2:07  Stalker  
  22  2:10  Probe  
  22  2:11  Warp Gate  
  25  2:28  Probe  
  26  2:36  Stalker  
  26  2:40  Probe  
  29  2:44  Pylon  
  29  2:56  Gateway  
  29  3:20  Gateway  
  29  3:23  Gateway  
  29  3:27  Gateway  
  29  3:32  Gateway x2, Probe x2  
  29  3:35  Assimilator  
  29  3:40  Probe x2  
  33  3:51  Probe  
  33  3:52  Probe  
  35  4:00  Stalker x2  
  39  4:10  Probe x2  
  41  4:22  Probe x2  
  43  4:24  Pylon  
  43  4:26  Pylon  
  43  4:27  Stalker  
  43  4:30  Probe x2  
  47  4:42  Stalker x2, Probe  
  47  4:43  Probe  
  53  4:54  Probe  
  53  4:55  Probe  
  53  4:58  Stalker x2  
  59  5:03  Pylon  
  59  5:06  Probe  
  60  5:07  Twilight Council  
  60  5:11  Assimilator  
  60  5:13  Probe  
  61  5:18  Probe  
  62  5:24  Stalker  
  62  5:25  Stalker x2, Probe  
  69  5:35  Probe  
  70  5:37  Probe  
  70  5:42  Stalker x2  
  75  5:49  Pylon  
  75  6:14  Nexus, Blink  
  75  6:16  Assimilator  
  75  6:19  Assimilator  
  75  6:20  Pylon  
  75  6:23  Pylon  
  75  6:34  Gateway  
  75  6:36  Gateway  
  75  6:37  Gateway  
  75  6:40  Pylon  
  75  6:44  Stalker  
  75  6:45  Stalker x2  
  81  7:03  Stalker x2  
  81  7:39  Stalker x3  
  81  7:40  Stalker x5, Probe x2  
  81  7:41  Probe  
  99  7:48  Probe x2  
  99  7:49  Probe  
  100  7:56  Probe x2  
  103  8:02  Forge  
  103  8:04  Forge  
  105  8:07  Forge  
  105  8:18  Stalker x3  
  105  8:19  Stalker x2  
  115  8:30  Templar Archives  
  115  9:00  Psionic Storm  
  115  9:04  Photon Cannon  
  115  9:05  Photon Cannon  
  115  9:07  Photon Cannon  
  115  9:11  Photon Cannon x2  
  115  9:14  Stalker  
  115  9:15  Stalker x4  
  125  9:23  Pylon  
  125  9:26  Pylon  
  125  9:27  Pylon  
  125  9:29  Gateway  
  125  9:31  Gateway  
  125  9:41  Pylon, Probe x3  
  125  9:44  Pylon  
  128  9:54  High Templar x6, Probe  
  128  9:55  High Templar x2  
  145  10:24  Nexus  
  125  11:07  Protoss Ground Weapons Level 1, Protoss Ground Armor Level 1  
  125  11:08  Protoss Shields Level 1  
  125  11:45  Stalker x3  
  125  11:46  Stalker x7  
  145  12:01  Gateway  
  145  12:04  Gateway x2  
  145  12:05  Gateway  
  145  12:10  Gateway  
  145  12:11  Gateway  
  145  12:12  Gateway  
  145  12:13  Gateway  
  145  12:19  Gateway x2  
  145  12:31  High Templar x4  
  145  12:32  High Templar  
  145  12:33  High Templar  
  145  12:34  High Templar x4  
  129  12:58  Archon x2  
  119  13:14  Stalker x6  
  119  13:15  Stalker x8  
  119  13:16  Stalker x6  
  159  13:25  Robotics Facility  
Show
View Real Time Build Order
Export as new Build Order

Cherubim Terran 

Build Orders:  

Get SALT Encoding   

  12  0:00  SCV  
  13  0:13  SCV  
  14  0:18  Supply Depot  
  14  0:25  SCV  
  15  0:39  SCV  
  15  0:41  Barracks  
  16  0:51  SCV  
  17  1:07  SCV  
  18  1:15  Command Center  
  18  1:26  Refinery  
  18  1:31  Orbital Command  
  18  1:34  Marine  
  19  1:54  Marine  
  20  1:58  SCV  
  20  1:59  Barracks  
  21  2:08  Barracks  
  21  2:12  SCV  
  21  2:14  Barracks Tech Lab  
  22  2:20  Supply Depot  
  22  2:24  SCV  
  23  2:31  Orbital Command  
  23  2:45  Marine  
  23  2:46  Marine  
  23  2:49  SCV  
  26  2:54  Refinery  
  26  2:55  Marine  
  27  2:58  SCV  
  27  3:00  Stimpack  
  27  3:01  SCV  
  27  3:04  Marine  
  27  3:05  Barracks Reactor  
  30  3:10  SCV  
  31  3:13  Marine, SCV  
  33  3:22  Engineering Bay  
  33  3:23  SCV  
  33  3:25  SCV  
  35  3:30  Engineering Bay  
  35  3:32  Marine  
  35  3:34  Marine  
  36  3:35  SCV  
  36  3:37  SCV  
  39  3:43  Factory  
  39  3:46  Marine x2  
  39  3:47  SCV  
  42  3:49  SCV  
  42  3:51  Terran Infantry Weapons Level 1  
  43  3:57  Refinery  
  43  4:00  Supply Depot, SCV  
  44  4:13  SCV, Barracks Tech Lab  
  45  4:21  Terran Infantry Armor Level 1  
  45  4:24  SCV  
  45  4:25  Refinery, SCV  
  45  4:27  Missile Turret  
  45  4:29  Missile Turret  
  47  4:35  Supply Depot  
  47  4:36  Marine x3  
  47  4:37  Starport  
  50  4:38  Marine  
  51  4:49  SCV x2  
  53  4:57  Armory  
  53  4:58  Marine, Combat Shield  
  53  4:59  Marine x2  
  56  5:00  Marine  
  56  5:01  SCV  
  58  5:09  SCV  
  58  5:13  SCV  
  60  5:14  Medivac  
  60  5:16  Factory Reactor  
  62  5:26  Command Center  
  62  5:54  Marine  
  62  6:04  Command Center  
  62  6:06  Marine, SCV  
  62  6:07  Barracks  
  62  6:08  Barracks  
  62  6:11  Barracks  
  62  6:19  Terran Infantry Armor Level 2, Terran Infantry Weapons Level 2  
  62  6:33  Factory Tech Lab  
  62  6:48  Supply Depot x2  
  62  6:51  Supply Depot  
  62  6:57  Barracks Reactor, Barracks Tech Lab  
  62  6:58  Barracks Tech Lab  
  62  7:02  Command Center  
  62  7:04  Concussive Shells  
  62  7:09  Marine x4, SCV x2, Medivac x2  
  72  7:18  Supply Depot x2  
  72  7:21  SCV x2  
  74  7:27  Marine x2  
  76  7:33  SCV x2  
  74  7:41  Medivac  
  74  7:42  Medivac  
  78  7:46  SCV x2  
  78  7:47  Marauder  
  78  7:48  Marine x3, Marauder x3  
  78  7:49  Marine  
  92  7:55  Orbital Command  
  92  7:58  SCV x2  
  94  8:06  Marine x4  
  94  8:08  Marine x2  
  94  8:11  Medivac  
  94  8:12  Medivac  
  104  8:17  Siege Tank  
  107  8:21  SCV  
  107  8:22  SCV  
  107  8:23  SCV  
  110  8:34  Marine x2  
  110  8:35  Marine x2, Marauder x4  
  110  8:40  Refinery  
  122  8:41  Refinery  
  75  8:48  Medivac x2  
  122  8:49  Terran Infantry Weapons Level 3  
  122  8:50  Terran Infantry Armor Level 3  
  122  8:52  Marine x2, Siege Tank  
  131  8:58  Planetary Fortress  
  131  9:07  SCV  
  132  9:21  Supply Depot x3  
  132  9:23  Supply Depot  
  132  9:28  Terran Vehicle Weapons Level 1  
  132  9:42  Marine x4, SCV x3, Siege Tank  
  132  9:43  SCV, Marauder x4  
  151  9:51  Factory  
  151  9:52  Factory x2  
  151  9:54  SCV x2, Factory  
  151  9:55  SCV  
  151  9:58  SCV  
  155  10:00  Marine  
  155  10:04  Medivac x2, Marauder x2  
  164  10:21  Refinery  
  164  10:23  Refinery  
  164  10:24  Missile Turret  
  164  10:26  Missile Turret  
  164  10:29  Missile Turret  
  164  10:31  Supply Depot  
  164  10:33  Sensor Tower  
  164  10:37  Factory Tech Lab x2  
  164  10:38  Factory Tech Lab x2  
  164  10:44  Supply Depot  
  164  10:48  Supply Depot  
  164  10:50  Supply Depot  
  164  10:52  Marine x4, SCV x4  
  164  10:56  Supply Depot  
  172  11:05  Marine x3  
  172  11:06  Marauder  
  172  11:08  Siege Tank  
  172  11:10  Marine x2, Supply Depot, Siege Tank x2  
  188  11:11  Marine  
  188  11:12  Siege Tank, Marauder  
  188  11:17  Siege Tank  
  196  11:23  Marine x2  
  196  11:24  Marauder  
  198  11:27  Marine  
  198  11:28  Marine  
  199  11:36  Marine x3  
  177  11:41  Marine, Marauder  
  177  11:44  Marine  
  177  11:45  Marine, Marauder  
  143  11:54  Marine x2  
  143  11:55  Marauder  
  143  11:58  Medivac x2  
  143  11:59  Marine  
  138  12:02  Marine  
  138  12:03  Marine, Marauder  
  138  12:06  Marine  
  130  12:10  Siege Tank x3  
  130  12:11  Thor x2  
  130  12:12  Marine x2  
  153  12:16  Marine x2  
  153  12:21  Marine, Marauder  
  158  12:24  Marine, Marauder  
  158  12:29  Marine  
  161  12:34  Marauder, Command Center  
  161  12:37  Marine x2  
  164  12:42  Marauder  
  168  12:50  Marine  
  168  12:51  Marine x3  
  171  12:54  Thor x2, Marine  
  171  12:55  Marine x2  
  187  13:16  Marine x4  
  187  13:17  Marine x3  
  187  13:18  Marine  
  193  13:34  Marine x3  
  187  13:35  Marine x2  
Show
View Real Time Build Order
Export as new Build Order

SeOuLStEaL Protoss 

Build Orders: Carriers 

Get SALT Encoding   

  12  0:01  Probe  
  13  0:13  Probe  
  14  0:21  Pylon  
  14  0:25  Probe  
  15  0:38  Probe  
  16  0:46  Probe  
  16  0:48  Gateway  
  16  0:56  Probe  
  17  0:57  Assimilator  
  17  1:01  Assimilator  
  18  1:08  Probe  
  19  1:14  Gateway  
  19  1:20  Probe  
  20  1:37  Cybernetics Core  
  20  1:39  Probe  
  21  1:46  Pylon  
  21  1:53  Probe  
  21  2:05  Adept x2, Probe  
  26  2:15  Warp Gate  
  26  2:41  Nexus  
  26  2:56  Stalker x2  
  30  2:58  Probe  
  31  3:26  Stargate  
  31  3:27  Stargate  
  29  3:37  Pylon  
  29  3:40  Probe  
  28  3:47  Pylon  
  28  3:49  Probe  
  28  3:52  Probe  
  30  3:58  Probe  
  30  4:00  Probe  
  31  4:03  Oracle  
  31  4:06  Probe  
  32  4:11  Probe  
  32  4:13  Oracle  
  40  4:18  Probe  
  41  4:24  Probe  
  41  4:30  Assimilator, Probe  
  43  4:35  Assimilator  
  43  4:39  Probe  
  43  4:42  Probe  
  45  4:52  Fleet Beacon  
  45  4:54  Probe  
  45  4:55  Probe  
  47  5:02  Probe  
  48  5:07  Probe  
  48  5:10  Probe  
  48  5:13  Pylon  
  50  5:20  Probe  
  51  5:22  Probe  
  51  5:26  Carrier  
  49  5:36  Carrier  
  61  5:44  Stargate  
  61  6:03  Probe  
  61  6:04  Probe  
  63  6:17  Pylon x2  
  63  6:21  Pylon  
  63  6:22  Pylon  
  63  6:24  Pylon  
  63  6:25  Mothership  
  63  6:32  Stargate  
  63  6:35  Forge  
  63  6:37  Pylon  
  71  6:41  Carrier  
  77  6:59  Carrier  
  83  7:10  Carrier  
  89  7:38  Nexus  
  89  7:42  Assimilator  
  89  7:46  Assimilator  
  89  7:50  Pylon  
  89  7:52  Pylon  
  89  8:00  Probe  
  90  8:08  Carrier  
  90  8:11  Carrier  
  97  8:12  Probe  
  97  8:18  Protoss Air Weapons Level 1  
  97  8:19  Probe  
  104  8:25  Probe  
  105  8:31  Probe  
  106  8:43  Carrier  
  106  8:55  Protoss Shields Level 1  
  112  8:57  Probe  
  112  8:58  Probe x2  
  115  9:12  Probe  
  115  9:13  Carrier, Probe x2  
  118  9:19  Pylon  
  124  9:31  Probe x3  
  127  9:56  Nexus, Photon Cannon  
  127  9:57  Photon Cannon  
  127  10:00  Photon Cannon  
  127  10:03  Carrier  
  127  10:06  Pylon  
  133  10:27  Stalker  
  133  10:28  Stalker  
  137  10:42  Carrier x2  
  138  10:58  Protoss Ground Weapons Level 1  
  138  10:59  Stalker x2  
  138  11:02  Probe x3  
  145  11:08  Twilight Council  
  145  11:23  Photon Cannon  
  145  11:25  Photon Cannon  
  145  11:29  Photon Cannon, Carrier  
  145  11:30  Nexus  
  145  11:38  Pylon  
  151  11:43  Probe x2  
  153  11:57  Carrier x2  
  156  12:26  Carrier  
  162  12:42  Probe x2  
  164  12:45  Carrier  
  164  12:50  Templar Archives  
  170  12:52  Probe  
  170  12:54  Probe  
  166  13:13  Probe x3  
Show
View Real Time Build Order
Export as new Build Order

Cthulhu Terran 

Build Orders:  

Get SALT Encoding   

  12  0:01  SCV  
  13  0:13  SCV  
  14  0:25  Supply Depot  
  14  0:27  SCV  
  15  0:42  Refinery  
  15  0:47  SCV  
  15  0:48  Barracks  
  16  0:59  SCV  
  18  1:11  SCV  
  18  1:13  Barracks  
  18  1:23  SCV  
  19  1:37  Orbital Command  
  19  1:40  Marine  
  19  1:42  Supply Depot  
  20  2:09  Marine x2  
  20  2:10  SCV  
  23  2:20  Command Center  
  23  2:29  Engineering Bay  
  23  2:30  SCV  
  23  2:32  Marine  
  23  2:34  Marine  
  26  2:43  SCV  
  27  2:52  Marine  
  27  2:55  SCV, Terran Infantry Weapons Level 1  
  27  2:56  Engineering Bay  
  29  3:01  Refinery  
  29  3:08  SCV  
  29  3:09  Marine  
  31  3:23  Barracks  
  31  3:25  Terran Infantry Armor Level 1  
  31  3:31  Marine, Supply Depot, SCV  
  33  3:38  Orbital Command  
  33  3:42  Marine  
  33  3:45  SCV  
  35  3:54  Marine  
  36  4:02  Marine  
  37  4:03  SCV  
  37  4:04  SCV  
  39  4:13  Missile Turret  
  39  4:14  Missile Turret  
  39  4:19  Marine, SCV x2  
  39  4:23  Barracks Tech Lab  
  42  4:28  Factory  
  42  4:40  Marine x2, SCV x2  
  42  4:43  Marauder  
  48  4:56  Refinery  
  48  5:07  Stimpack  
  48  5:09  Marine, SCV x2  
  48  5:10  Marine x2  
  48  5:12  Armory  
  53  5:36  SCV  
  53  5:41  Marine x3, SCV, Widow Mine  
  60  5:45  Supply Depot  
  60  5:53  SCV  
  61  6:09  SCV x2  
  61  6:10  Marine x2, Marauder  
  61  6:11  Terran Infantry Armor Level 2, Terran Infantry Weapons Level 2  
  67  6:13  Widow Mine  
  69  6:20  Ghost Academy  
  69  6:22  Supply Depot  
  69  6:28  Marine  
  70  6:43  Marine x2  
  70  6:44  SCV x2  
  70  6:45  Supply Depot  
  76  6:53  Factory Reactor  
  74  6:58  Starport  
  74  7:00  SCV x2  
  76  7:03  Command Center  
  76  7:04  Personal Cloaking  
  76  7:07  Terran Vehicle And Ship Armor Level 1  
  76  7:08  Marine x2  
  76  7:10  Ghost  
  76  7:12  SCV  
  76  7:14  SCV  
  78  7:27  Combat Shield  
  78  7:38  SCV x2  
  78  7:39  Marine x3  
  78  7:40  Factory Tech Lab  
  83  8:01  SCV x2  
  83  8:02  Marine x2, Sensor Tower, Marauder  
  83  8:03  Missile Turret  
  92  8:06  Medivac  
  92  8:11  Medivac  
  93  8:13  Refinery  
  93  8:18  SCV x2  
  93  8:19  Marine, Orbital Command  
  95  8:22  Refinery  
  95  8:24  Sensor Tower  
  95  8:25  Refinery, Marine  
  95  8:26  Marauder  
  99  8:42  Command Center  
  99  8:46  Concussive Shells, Missile Turret  
  99  8:52  Nuke  
  99  9:07  Terran Infantry Weapons Level 3  
  99  9:14  Refinery  
  99  9:18  Refinery  
  99  9:19  Terran Infantry Armor Level 3  
  99  9:50  Marauder  
  101  10:02  Orbital Command  
  101  10:34  Marine x2, Marauder  
  101  10:52  Marine  
  101  10:54  Medivac x2  
  85  11:08  SCV  
  85  11:09  Marine, SCV  
  85  11:10  Marauder  
  85  11:11  Siege Tank  
  89  11:23  Medivac  
  89  11:24  Medivac  
  59  11:46  Marine x2, Marauder  
  62  11:53  Medivac  
  64  12:03  Marine  
  65  12:12  SCV x2  
  65  12:13  SCV  
  68  12:16  Marauder  
  56  12:31  Barracks Tech Lab, Medivac  
  56  12:32  Viking  
  60  12:45  SCV x2  
  60  12:47  Marauder x2  
  60  12:50  Marauder  
  68  12:54  SCV  
  69  13:04  Medivac  
  69  13:05  Viking  
  72  13:08  Marine, Marauder  
  72  13:09  Widow Mine  
  72  13:11  Marauder  
  65  13:24  SCV x2  
Show
View Real Time Build Order
Export as new Build Order

Faust Zerg 

Build Orders: Hatch First, Swarm Host 

Get SALT Encoding   

  12  0:03  Drone  
  13  0:10  Drone  
  14  0:15  Extractor  
  14  0:16  Drone  
  15  0:23  Overlord  
  15  0:42  Drone x2  
  17  0:56  Hatchery  
  16  0:57  Drone  
  16  1:02  Extractor  
  16  1:03  Drone  
  17  1:21  Spawning Pool  
  17  1:22  Drone  
  17  1:31  Drone  
  18  1:35  Drone  
  19  1:45  Overlord  
  19  2:08  Queen x2  
  19  2:13  Metabolic Boost  
  23  2:17  Drone  
  23  2:21  Drone  
  25  2:24  Drone  
  25  2:28  Drone  
  27  2:35  Drone  
  27  2:36  Drone  
  29  2:41  Overlord  
  29  2:51  Overlord  
  29  2:52  Drone  
  29  2:53  Drone  
  31  3:01  Lair  
  31  3:05  Drone  
  31  3:06  Drone  
  31  3:11  Extractor  
  32  3:13  Drone  
  32  3:14  Drone x2  
  35  3:21  Drone x3  
  35  3:24  Drone  
  35  3:25  Drone  
  40  3:28  Extractor  
  40  3:30  Drone  
  40  3:31  Extractor  
  39  3:34  Overlord  
  39  3:46  Drone  
  39  3:47  Drone  
  41  3:49  Drone x2  
  41  3:51  Drone  
  44  3:59  Drone  
  45  4:06  Spore Crawler, Infestation Pit  
  45  4:08  Spore Crawler  
  42  4:15  Drone x4  
  42  4:16  Overlord, Nydus Network  
  45  4:25  Drone x2  
  45  4:26  Drone  
  45  4:27  Drone, Overlord  
  45  4:30  Overlord  
  49  4:46  Overseer  
  49  4:48  Hatchery  
  48  4:58  Swarm Host x3  
  48  4:59  Swarm Host  
  60  5:01  Swarm Host  
  60  5:05  Swarm Host  
  66  5:08  Swarm Host  
  69  5:15  Evolution Chamber  
  69  5:16  Evolution Chamber  
  67  5:32  Nydus Canal  
  67  5:42  Zerg Ground Armor Level 1, Zerg Missile Weapons Level 1  
  67  5:44  Hive  
  67  6:22  Drone x11  
  67  6:23  Drone x4  
  82  6:25  Overlord x2  
  82  6:26  Overlord x3  
  82  6:37  Spore Crawler, Overlord x2  
  82  6:38  Overlord x3  
  81  6:52  Spire  
  80  6:57  Spore Crawler  
  80  6:58  Spore Crawler  
  78  7:09  Nydus Canal  
  78  7:11  Swarm Host x3  
  78  7:12  Swarm Host  
  90  7:38  Overseer  
  90  7:41  Drone x4  
  90  7:42  Drone  
  95  7:47  Nydus Canal  
  95  7:48  Drone  
  95  7:49  Extractor x2, Drone x3  
  97  7:51  Drone x2  
  97  7:52  Queen  
  101  8:06  Drone  
  101  8:12  Nydus Canal  
  102  8:14  Drone x3  
  105  8:20  Zerg Ground Armor Level 2, Zerg Missile Weapons Level 2  
  105  8:21  Hatchery  
  105  8:24  Zerg Flyer Weapons Level 1  
  105  8:26  Spire  
  103  8:27  Drone  
  104  8:58  Drone x7  
  104  8:59  Drone x7  
  118  9:08  Overlord x2  
  118  9:09  Overlord  
  118  9:19  Extractor  
  118  9:21  Extractor  
  116  9:45  Drone x6  
  121  9:46  Drone x6  
  121  9:47  Overlord x2  
  128  10:10  Zerg Flyer Armor Level 1  
  128  10:17  Nydus Canal  
  128  10:25  Corruptor  
  128  10:26  Corruptor x13  
  153  10:43  Nydus Canal  
  138  11:03  Corruptor  
  138  11:04  Corruptor x5  
  131  11:05  Zergling x2  
  131  11:06  Zergling x14  
  131  11:10  Baneling Nest  
  131  11:11  Greater Spire  
  142  11:14  Zerg Melee Weapons Level 1, Zerg Ground Armor Level 3  
  142  11:25  Zergling x10  
  143  11:26  Zergling x8  
  128  12:03  Corruptor x9  
  128  12:04  Corruptor x4  
  132  12:32  Corruptor x5  
  130  12:47  Corruptor x6  
  87  13:07  Corruptor x2  
  87  13:10  Corruptor  
  87  13:11  Corruptor  
  87  13:12  Baneling x7  
  93  13:13  Baneling x5  
Show
View Real Time Build Order
Export as new Build Order

Throwfordays Protoss 

Build Orders: Nexus First 

Get SALT Encoding   

  12  0:00  Probe  
  13  0:13  Probe  
  14  0:19  Pylon  
  14  0:22  Probe  
  15  0:34  Probe  
  16  0:44  Probe  
  17  1:02  Nexus  
  17  1:11  Pylon  
  17  1:21  Forge  
  17  1:30  Pylon  
  17  1:40  Assimilator, Probe  
  18  1:52  Probe  
  19  1:55  Photon Cannon  
  19  2:04  Probe  
  20  2:09  Photon Cannon  
  20  2:10  Probe  
  21  2:18  Probe  
  22  2:28  Probe  
  22  2:29  Pylon  
  23  2:38  Gateway  
  23  2:40  Probe  
  24  2:47  Photon Cannon  
  24  2:52  Probe  
  24  2:55  Photon Cannon  
  25  3:04  Probe  
  26  3:16  Probe  
  23  3:28  Probe  
  23  3:32  Photon Cannon  
  20  3:35  Photon Cannon  
  20  3:38  Probe  
  20  3:40  Probe  
  21  3:46  Probe  
  21  3:50  Probe  
  21  3:54  Probe  
  23  3:58  Probe  
  25  4:05  Probe  
  25  4:07  Probe  
  26  4:13  Assimilator  
  26  4:15  Assimilator  
  27  4:17  Probe  
  27  4:19  Probe  
  29  4:28  Assimilator  
  29  4:29  Probe  
  29  4:31  Probe  
  31  4:38  Gateway  
  31  4:39  Photon Cannon  
  31  4:41  Probe  
  31  4:42  Photon Cannon  
  31  4:43  Probe  
  31  4:44  Photon Cannon  
  33  4:51  Pylon  
  33  4:52  Probe  
  33  4:53  Probe  
  35  5:00  Probe  
  35  5:02  Cybernetics Core  
  35  5:06  Probe  
  37  5:09  Cybernetics Core  
  37  5:10  Probe  
  37  5:13  Pylon  
  38  5:27  Nexus  
  38  5:34  Pylon  
  38  5:38  Pylon  
  38  5:41  Photon Cannon  
  38  5:43  Photon Cannon  
  38  5:58  Photon Cannon  
  38  6:00  Photon Cannon  
  38  6:03  Photon Cannon  
  38  6:07  Photon Cannon  
  38  6:10  Stargate  
  38  6:14  Probe  
  38  6:15  Stargate  
  39  6:23  Probe  
  39  6:24  Stargate  
  39  6:27  Protoss Shields Level 1  
  39  6:31  Probe  
  39  6:32  Protoss Air Weapons Level 1  
  40  6:37  Protoss Air Armor Level 1  
  40  6:38  Probe  
  41  6:46  Probe  
  42  6:48  Probe  
  44  6:54  Probe  
  44  6:56  Probe  
  46  7:04  Twilight Council, Probe  
  46  7:06  Probe  
  47  7:10  Fleet Beacon  
  47  7:15  Probe  
  48  7:18  Void Ray, Probe  
  54  7:25  Void Ray  
  54  7:27  Probe  
  59  7:33  Void Ray  
  63  7:38  Assimilator  
  63  7:43  Assimilator  
  63  7:52  Probe  
  63  7:54  Probe  
  65  8:04  Probe  
  66  8:06  Probe  
  73  8:14  Void Ray x2  
  73  8:16  Probe  
  73  8:18  Void Ray  
  73  8:19  Probe  
  81  8:27  Probe  
  83  8:34  Probe  
  83  8:35  Probe  
  84  8:43  Stargate, Probe  
  84  8:44  Stargate  
  84  8:46  Probe  
  84  8:48  Stargate  
  86  8:58  Probe  
  86  9:01  Nexus  
  87  9:04  Pylon, Void Ray x2  
  87  9:07  Pylon  
  95  9:10  Assimilator  
  95  9:14  Assimilator  
  95  9:15  Protoss Air Weapons Level 2  
  95  9:19  Void Ray  
  99  9:35  Protoss Air Armor Level 2  
  99  9:39  Probe  
  100  9:50  Protoss Shields Level 2  
  100  9:51  Probe  
  101  10:03  Probe  
  101  10:04  Void Ray x2  
  110  10:18  Probe x2  
  111  10:26  Probe x2  
  112  10:32  Photon Cannon  
  112  10:35  Photon Cannon, Probe  
  114  10:36  Probe  
  114  10:38  Photon Cannon  
  114  10:40  Void Ray x2  
  114  10:41  Void Ray x2  
  114  10:42  Photon Cannon  
  132  10:44  Photon Cannon  
  132  10:47  Probe  
  132  10:48  Probe  
  134  10:59  Probe  
  134  11:00  Probe  
  136  11:08  Void Ray  
  140  11:17  Pylon  
  140  11:19  Pylon  
  140  11:21  Pylon x2  
  140  11:25  Pylon  
  140  11:34  Void Ray x2  
  112  12:14  Void Ray x3  
  112  12:15  Void Ray  
  113  12:32  Void Ray x2  
  97  12:57  Void Ray x3  
  97  12:58  Void Ray  
Tags
 
Add a new tag
Caveats
  • Supply blocks, unpowered buildings, or Contaminate may cause inaccurate times.
  • Supply counts are checked every 10 seconds.